 Dungeon Crawl Stone Soup version 0.26-a0-52-gd53d4cd058 (webtiles) character file.

Game seed: 10915371370942150827

936 MordorOrchid the Thaumaturge (level 8, -5/57 HPs)
             Began as a Gnoll Wanderer on June 5, 2020.
             Killed by divine providence
             ... invoked by an orc priest
              (15 damage)
             ... on level 5 of the Dungeon.
             The game lasted 00:20:22 (2468 turns).

MordorOrchid the Thaumaturge (Gnoll Wanderer)       Turns: 2468, Time: 00:20:22

Health: -5/57      AC:  3    Str: 16    XL:     8   Next: 12%
Magic:  2/21       EV: 12    Int: 17    God:
Gold:   116        SH:  5    Dex: 13    Spells: 10/26 levels left

rFire    . . .     SeeInvis .   i - +0 short sword
rCold    . . .     Gourm    .   n - +0 buckler
rNeg     . . .     Faith    .   k - +0 leather armour
rPois    .         Spirit   .   (no helmet)
rElec    .         Reflect  .   (no cloak)
rCorr    .         Harm     .   (no gloves)
MR       .....                  (no boots)
Stlth    ++........             (no amulet)
HPRegen  0.19/turn              (no ring)
MPRegen  0.17/turn              (no ring)

@: mighty
A: distributed training, fangs 1, strong nose
a: no special abilities


You were on level 5 of the Dungeon.
You were not hungry.

You visited 1 branch of the dungeon, and saw 5 of its levels.

You collected 116 gold pieces.

Inventory:

Hand Weapons
 a - a +0 club
 i - a +0 short sword (weapon)
 B - a +0 trident
 C - a +0 long sword
Missiles
 j - 89 arrows
 o - 21 stones (quivered)
 y - 16 bolts
 D - a throwing net
Armour
 c - a +0 buckler
 d - a +0 robe
 k - a +0 leather armour (worn)
 n - a +0 buckler (worn)
 A - a cursed -2 plate armour
Scrolls
 b - a scroll of fear
 e - a scroll of enchant armour {unknown}
 g - 3 scrolls of teleportation
 q - a scroll of magic mapping
 t - a scroll of noise {unknown}
 u - a scroll of blinking {unknown}
Potions
 h - a potion of curing
 l - a potion of might
 m - a potion of flight {unknown}
 p - a potion of ambrosia
 r - 3 potions of mutation
 s - 2 potions of heal wounds {unknown}
 v - a potion of stabbing {unknown}
 x - 2 potions of brilliance {unknown}
 z - a potion of resistance {unknown}
 E - a potion of invisibility {unknown}
Comestibles
 f - 9 rations
 w - 8 chunks of flesh


   Skills:
 + Level 2.9 Fighting
 + Level 2.9 Short Blades
 + Level 2.9 Long Blades
 + Level 2.9 Axes
 + Level 2.9 Maces & Flails
 + Level 2.9 Polearms
 + Level 2.9 Staves
 + Level 2.9 Slings
 + Level 2.9 Bows
 + Level 2.9 Crossbows
 + Level 2.9 Throwing
 + Level 2.9 Armour
 + Level 2.9 Dodging
 + Level 2.9 Stealth
 + Level 3.9 Shields
 + Level 2.9 Unarmed Combat
 + Level 9.7 Spellcasting
 + Level 2.3 Conjurations
 + Level 2.3 Hexes
 + Level 2.3 Charms
 + Level 2.3 Summonings
 + Level 2.3 Necromancy
 + Level 2.3 Translocations
 + Level 2.3 Transmutations
 + Level 3.2 Fire Magic
 + Level 3.2 Ice Magic
 + Level 2.3 Air Magic
 + Level 2.3 Earth Magic
 + Level 4.5 Poison Magic
 + Level 3.2 Invocations
 + Level 3.9 Evocations


You had 10 spell levels left.
You knew the following spells:

 Your Spells              Type           Power        Failure   Level  Hunger
a - Sting                 Tmut/Pois      ###.         2%          1    None
b - Olgreb's Toxic Radia  Pois           ###.....     17%         4    ###....
d - Ignite Poison         Fire/Tmut/Pois ###.....     9%          3    None
g - Mephitic Cloud        Conj/Pois/Air  ###.....     9%          3    None
p - Poisonous Vapours     Pois/Air       ###...       4%          2    None
v - Vampiric Draining     Necr           ###.......   12%         3    None

Your spell library contained the following spells:

 Spells                   Type           Power        Failure   Level  Hunger
 Pain                     Necr           ###.         4%          1    None


Dungeon Overview and Level Annotations

Branches:
Dungeon (5/15)
 Temple: D:4-7

Altars:

Annotations:
D:3 Natasha


Innate Abilities, Weirdness & Mutations

Your experience applies equally to all skills.
You have very sharp teeth.
Your uncanny sense of smell can sniff out nearby items.


Message History

The orc priest invokes the aid of Beogh against you.
Pain shoots through your body!
* * * LOW HITPOINT WARNING * * *
You block the gnoll's attack.
You feel better.
The orc priest looks satisfied for a moment.
The gnoll hits you with a +0 whip.
* * * LOW HITPOINT WARNING * * *
You completely miss the orc priest.
The orc priest is heavily wounded.
The orc priest mumbles some strange prayers to Beogh against you.
You struggle to resist.
You block the gnoll's attack.
You barely miss the orc priest.
The orc priest is heavily wounded.
You block the orc priest's attack. The gnoll hits you with a +0 whip.
* * * LOW HITPOINT WARNING * * *
You feel better.
The orc priest calls down the wrath of Beogh upon you.
Beogh smites you!
You die...

#)##.g.. .
#.##......
###)<#......
#....# .....
#..[.# .....
###....##..
#.....).'...
#g####..#...
#@# ...# ...
#o# ......
..
#.##...##..
# #.##...#
..# #.##...#
.# #.##....
.. ... #.#


You could see an orc priest and a gnoll.

Vanquished Creatures
  3 ogres
  A centaur (D:5)
  2 howler monkeys (D:4)
  A crimson imp (D:4)
  A centaur zombie (D:5)
  A gnoll shaman (D:4)
  3 hounds
  3 worker ants (D:4)
  Natasha (twice) (D:3)
  A worker ant zombie (D:5)
  7 gnolls
  6 adders
  An ooze (D:4)
  2 adder skeletons
  3 worms
  A dart slug (D:1)
  3 leopard geckos
  8 orcs
  2 bats
  A giant cockroach (D:4)
  5 hobgoblins
  8 jackals
  4 kobolds
  A ball python skeleton (D:4)
  3 frilled lizards
  6 goblins
  4 rats
83 creatures vanquished.

Notes
Turn   | Place    | Note
-------+----------+-------------------------------------------
     0 | D:1      | Reached skill level 9 in Spellcasting
     0 | D:1      | MordorOrchid the Gnoll Wanderer began the quest for the
                  | Orb.
     0 | D:1      | MordorOrchid set off with the following items: a +0 club, a
                  | +0 buckler, a +0 robe, a ration; and the following spells
                  | available to memorise: Sting, Poisonous Vapours, Pain,
                  | Ignite Poison, Mephitic Cloud, Olgreb's Toxic Radiance,
                  | Vampiric Draining
     0 | D:1      | Reached XP level 1. HP: 13/13 MP: 10/10
     2 | D:1      | Learned a level 1 spell: Sting
   488 | D:2      | Reached XP level 2. HP: 19/19 MP: 9/12
   503 | D:2      | Learned a level 2 spell: Poisonous Vapours
   558 | D:2      | Reached XP level 3. HP: 23/25 MP: 8/13
   563 | D:2      | Learned a level 3 spell: Mephitic Cloud
   567 | D:2      | Learned a level 3 spell: Ignite Poison
   571 | D:2      | Learned a level 3 spell: Vampiric Draining
   580 | D:2      | Reached skill level 1 in Invocations
   730 | D:2      | Reached skill level 1 in Fighting
   730 | D:2      | Reached skill level 1 in Short Blades
   730 | D:2      | Reached skill level 1 in Long Blades
   730 | D:2      | Reached skill level 1 in Axes
   730 | D:2      | Reached skill level 1 in Maces & Flails
   730 | D:2      | Reached skill level 1 in Polearms
   730 | D:2      | Reached skill level 1 in Staves
   730 | D:2      | Reached skill level 1 in Slings
   730 | D:2      | Reached skill level 1 in Bows
   730 | D:2      | Reached skill level 1 in Crossbows
   730 | D:2      | Reached skill level 1 in Throwing
   730 | D:2      | Reached skill level 1 in Armour
   730 | D:2      | Reached skill level 1 in Dodging
   730 | D:2      | Reached skill level 1 in Stealth
   730 | D:2      | Reached skill level 1 in Unarmed Combat
   854 | D:2      | Reached XP level 4. HP: 32/32 MP: 12/15
   902 | D:2      | Learned a level 4 spell: Olgreb's Toxic Radiance
   975 | D:3      | Noticed Natasha
   981 | D:3      | Killed Natasha
  1007 | D:3      | Noticed an ogre
  1034 | D:3      | Noticed Natasha
  1053 | D:3      | Reached skill level 1 in Conjurations
  1053 | D:3      | Reached skill level 1 in Hexes
  1053 | D:3      | Reached skill level 1 in Charms
  1053 | D:3      | Reached skill level 1 in Summonings
  1053 | D:3      | Reached skill level 1 in Necromancy
  1053 | D:3      | Reached skill level 1 in Translocations
  1053 | D:3      | Reached skill level 1 in Transmutations
  1053 | D:3      | Reached skill level 1 in Air Magic
  1053 | D:3      | Reached skill level 1 in Earth Magic
  1122 | D:3      | Killed an ogre
  1122 | D:3      | Reached XP level 5. HP: 37/37 MP: 8/16
  1258 | D:3      | Killed Natasha
  1313 | D:3      | Reached XP level 6. HP: 44/44 MP: 9/18
  1663 | D:3      | Noticed Natasha
  1767 | D:4      | Reached XP level 7. HP: 47/50 MP: 13/20
  2132 | D:5      | Entered Level 5 of the Dungeon
  2308 | D:5      | Reached XP level 8. HP: 29/57 MP: 9/21
  2463 | D:5      | HP: 1/57 [orc priest/nerve-wracking pain (5)]
  2468 | D:5      | Killed from afar by an orc priest

Illustrated notes

Levels and vault maps discovered:
D:1:      ncdulo_lavacross, layout_basic
D:2:      layout_basic, minmay_fractal_squares_5
D:3:      layout_basic, hangedman_decor_growths, uniq_natasha
D:4:      layout_rooms, cheibrodos_gnoll_hut
D:5:      layout_basic, first_ration, minmay_fire_ice_demons

Skill      XL: |  1  2  3  4  5  6  7 |
---------------+----------------------+-----
Spellcasting   | |  9.7
Fire Magic     | 2 3 |  3.2
Ice Magic      | 2 3 |  3.2
Invocations    | 1 2 3 |  3.2
Fighting       | 1 2 |  2.9
Short Blades   | 1 2 |  2.9
Long Blades    | 1 2 |  2.9
Axes           | 1 2 |  2.9
Maces & Flails | 1 2 |  2.9
Polearms       | 1 2 |  2.9
Staves         | 1 2 |  2.9
Slings         | 1 2 |  2.9
Bows           | 1 2 |  2.9
Crossbows      | 1 2 |  2.9
Throwing       | 1 2 |  2.9
Armour         | 1 2 |  2.9
Dodging        | 1 2 |  2.9
Stealth        | 1 2 |  2.9
Unarmed Combat | 1 2 |  2.9
Conjurations   | 1 2 |  2.3
Hexes          | 1 2 |  2.3
Charms         | 1 2 |  2.3
Summonings     | 1 2 |  2.3
Necromancy     | 1 2 |  2.3
Translocations | 1 2 |  2.3
Transmutations | 1 2 |  2.3
Air Magic      | 1 2 |  2.3
Earth Magic    | 1 2 |  2.3
Shields        | 3 |  3.9
Poison Magic   | 4 |  4.5
Evocations     | 3 |  3.9

Action                   |  1- 3 |  4- 6 |  7- 9 || total
-------------------------+-------+-------+-------++-------
Melee: Short sword       |     6 |    20 |    48 ||    74
       Bite              |     1 |     2 |     6 ||     9
 Cast: Sting             |    17 |    26 |    40 ||    83
       Poisonous Vapours |    12 |    34 |    23 ||    69
       Mephitic Cloud    |       |     1 |     6 ||     7
       Ignite Poison     |       |     1 |     5 ||     6
  Use: Potion            |     1 |       |     5 ||     6
       Scroll            |       |     6 |       ||     6
 Stab: Confused          |       |     1 |     1 ||     2
  Eat: Chunk             |       |     2 |     3 ||     5
Armor: Leather armour    |     2 |    11 |    21 ||    34
Dodge: Dodged            |    10 |    23 |    51 ||    84
Block: Buckler           |     3 |    16 |    21 ||    40

Table legend:
 A = Non-vault XP
 B = Vault XP
 C = Vault XP percentage of total XP
 D = Non-vault monster count
 E = Vault monster count
 F = Vault count percentage of total count
                 A         B        C        D         E       F
            +---------+---------+-------+---------+---------+-------
      Total |    1135 |     203 |  15.2 |      75 |       8 |   9.6
            +---------+---------+-------+---------+---------+-------
        D:1 |       8 |       0 |   0.0 |       4 |       0 |   0.0
        D:2 |      50 |      29 |  36.7 |      14 |       3 |  17.6
        D:3 |     212 |      78 |  26.9 |      20 |       2 |   9.1
        D:4 |     615 |      96 |  13.5 |      24 |       3 |  11.1
        D:5 |     250 |       0 |   0.0 |      13 |       0 |   0.0
            +---------+---------+-------+---------+---------+-------
